 Dungeon Crawl Stone Soup version 0.28.0-53-g5a82cb258f (webtiles) character file.

Game seed: 15663703397011377387

112 fuccboisucc420 the Slasher (level 4, -1/33 HPs)
             Began as a Demonspawn Gladiator on July 19, 2022.
             Slain by a wyvern zombie (6 damage)
             ... on level 3 of the Dungeon.
             The game lasted 00:08:04 (2203 turns).

fuccboisucc420 the Slasher (Demonspawn Gladiator)   Turns: 2203, Time: 00:08:04

Health: -1/33      AC: 10    Str: 17    XL:     4   Next: 64%
Magic:  4/4        EV:  8    Int:  9    God:
Gold:   90         SH:  0    Dex: 14    Spells: 3/3 levels left

rFire   + . .      SeeInvis .   h - +4 mace of Embarrassment {vorpal, rF+ rC+}
rCold   + . .      Faith    .   (no shield)
rNeg    . . .      Spirit   .   k - +0 chain mail
rPois   .          Reflect  .   c - +0 helmet
rElec   .          Harm     .   (no cloak)
rCorr   .          Rampage  .   f - +0 pair of gloves
Will    .....                   (no boots)
Stlth   ..........              (no amulet)
HPRegen 0.11/turn               (no ring)
MPRegen 0.09/turn               (no ring)

@: no status effects
A: demonic guardian 1
a: no special abilities


You were on level 3 of the Dungeon.
You visited 1 branch of the dungeon, and saw 3 of its levels.

You collected 90 gold pieces.

Inventory:

Hand Weapons
 a - a +1 long sword
 h - the +4 mace of Embarrassment (weapon) {vorpal, rF+ rC+}
   (You found it on level 2 of the Dungeon)

   It inflicts extra damage upon your enemies.
   rF:        It protects you from fire.
   rC:        It protects you from cold.
Missiles
 d - a throwing net (quivered)
Armour
 c - a +0 helmet (worn)
 f - a +0 pair of gloves (worn)
 k - a +0 chain mail (worn)
Scrolls
 g - 2 scrolls of teleportation
Potions
 e - a potion of magic {unknown}
 i - a potion of berserk rage {unknown}
 j - a potion of might {unknown}
 l - a potion of curing


   Skills:
 - Level 2.0 Fighting
 - Level 3.9 Long Blades
 * Level 0.9 Maces & Flails
 + Level 2.0 Throwing
 * Level 1.5 Armour
 + Level 3.1 Dodging
 + Level 0.3 Stealth


You had 3 spell levels left.
You didn't know any spells.
Your spell library contained the following spells:

 Spells                   Type           Power      Damage    Failure   Level
 Sublimation of Blood     Necr           0%         N/A       100%        2
 Wereblood                Tmut           0%         N/A       100%        2
 Summon Hydra             Summ           0%         N/A       100%        7


Dungeon Overview and Level Annotations

Branches:
Dungeon (3/15)

Altars:
Ashenzari


Innate Abilities, Weirdness & Mutations

A weak demonic guardian rushes to your aid.


Message History

You hit the plant.
The plant begins to die.
The plant is lightly damaged.
Your unstable footing causes you to fumble your attack.
You thump the plant!
The plant is lightly damaged.
You thump the plant!
The plant is lightly damaged.
A nearby plant withers and dies.
You see here a +0 robe.
You enter the shallow water.
Moving in this stuff is going to be slow.
You enter the shallow water.
Moving in this stuff is going to be slow.
A wyvern zombie comes into view.
You sock the wyvern zombie!
The wyvern zombie is moderately damaged.
The wyvern zombie bites you but does no damage.
The wyvern zombie bites you!
You sock the wyvern zombie!
The wyvern zombie is heavily damaged.
The wyvern zombie bites you but does no damage.
The wyvern zombie bites you.
You hit the wyvern zombie.
The wyvern zombie is severely damaged.
The wyvern zombie bites you!
* * * LOW HITPOINT WARNING * * *
You hit the wyvern zombie.
The wyvern zombie is severely damaged.
The wyvern zombie bites you but does no damage.
The wyvern zombie bites you.
* * * LOW HITPOINT WARNING * * *
A demonic guardian appears!
You hit the wyvern zombie.
The wyvern zombie is almost destroyed.
The wyvern zombie closely misses you. x2
Your shadow imp hits the wyvern zombie.
You barely miss the wyvern zombie.
The wyvern zombie is almost destroyed.
The wyvern zombie bites you.
You die...

≈.P[P...########
..##............
####...########.
#.....###.##
#.#..###.#.##
#.#..##.###.## #
#....## ##.####
##.##.###.#...##
#.. ..#...5Z@.##
...........###.##
#######.#####
#..## #.# #...# #
# #####


You could see a wyvern zombie (ally target) and a friendly shadow imp
(summoned).

Vanquished Creatures
  Terence (D:2)
  5 adders (D:2)
  An adder skeleton (D:2)
  A worm (D:3)
  2 dart slugs
  4 endoplasms (D:1)
  2 giant cockroaches (D:2)
  2 hobgoblins
  A kobold (D:1)
  2 quokkas
  6 ball pythons
  2 bats (D:2)
  A frilled lizard (D:1)
  9 rats
39 creatures vanquished.

Vanquished Creatures (others)
  4 plants (D:3)
4 creatures vanquished.

Grand Total: 43 creatures vanquished

Notes
Turn   | Place    | Note
-------+----------+-------------------------------------------
     0 | D:1      | fuccboisucc420 the Demonspawn Gladiator began the quest for
                  | the Orb.
     0 | D:1      | Reached XP level 1. HP: 16/16 MP: 1/1
   303 | D:1      | Gained mutation: A weak demonic guardian rushes to your
                  | aid. [demonic ancestry]
   303 | D:1      | Reached XP level 2. HP: 22/22 MP: 2/2
   608 | D:1      | Found a faded altar of an unknown god.
  1069 | D:2      | Found a broken altar of Ashenzari.
  1133 | D:2      | Reached XP level 3. HP: 8/27 MP: 3/3
  1551 | D:2      | Identified the +4 mace of Embarrassment {vorpal, rF+ rC+}
  1596 | D:2      | Reached XP level 4. HP: 31/33 MP: 4/4
  1682 | D:2      | Reached skill level 1 in Armour
  1732 | D:2      | Noticed Terence
  1750 | D:2      | Killed Terence
  2203 | D:3      | Slain by a wyvern zombie

Illustrated notes

Levels and vault maps discovered:
D:1:      noname_arrival_rooms_in_the_neighbourhood, layout_loops_ring,
          ebering_ecumenical_altar_mist, st_stairs_9,
          chequers_serial_rivers_micro_b
D:2:      layout_loops_ring, basic_altar, uniq_terence
D:3:      minmay_inner_zag, layout_loops_ring,
          nicolae_wu_jian_immortal_techniques, serial_bayou_lagoon_a

Skill      XL: |  1  2  3  4 |
---------------+-------------+-----
Long Blades    | 3 |  3.9
Throwing       | 2 |  2.0
Dodging        | 3 |  3.1
Armour         | 1 |  1.5
Fighting       | |  2.0
Maces & Flails | |  0.9
Stealth        | |  0.3

Action                   |  1- 3 |  4- 6 || total
-------------------------+-------+-------++-------
Melee: Long sword        |    82 |       ||    82
       Mace              |     4 |    42 ||    46
       Punch             |       |     1 ||     1
Throw: Throwing net      |     6 |     1 ||     7
  Use: Scroll            |     5 |       ||     5
 Stab: Held in net/web   |     1 |       ||     1
       Sleeping          |     1 |       ||     1
Armor: Leather armour    |    16 |       ||    16
       Chain mail        |     1 |     7 ||     8
Dodge: Dodged            |    55 |     8 ||    63
